Map: Prion Terraces

Players

Serral - Winner!

  • Race: Zerg Zerg
  • League: Grandmaster

Lambo

  • Race: Zerg Zerg
  • League: Grandmaster

Event: 2016 WCS Winter Challenger Europe

VOD

Have the link to the VOD?

Description

Time

  • Played on: Feb. 13, 2016, 1:13 p.m.
  • Length: 7:43

All games in this series

Show
View Real Time Build Order
Export as new Build Order

Serral Zerg - Winner!

Build Orders: Pool First 

Get SALT Encoding   

  12  0:00  Drone  
  13  0:13  Overlord  
  13  0:17  Drone  
  14  0:31  Drone x2  
  17  0:35  Drone  
  17  0:38  Extractor  
  16  0:45  Drone  
  17  0:50  Spawning Pool  
  17  0:56  Drone  
  17  1:07  Drone  
  18  1:17  Drone  
  19  1:23  Hatchery  
  18  1:36  Queen  
  20  1:41  Metabolic Boost  
  20  1:48  Overlord  
  20  1:51  Drone  
  21  1:55  Zergling x2  
  22  2:02  Baneling Nest  
  22  2:05  Zergling x2  
  22  2:11  Zergling x2  
  23  2:17  Queen  
  23  2:22  Zergling x2  
  26  2:35  Zergling x2  
  27  2:40  Queen  
  29  2:47  Drone  
  29  2:48  Drone  
  29  2:50  Overlord  
  31  2:53  Baneling x2  
  31  2:57  Drone  
  32  2:59  Drone  
  33  3:06  Drone x2  
  33  3:11  Overlord  
  33  3:12  Zergling x2  
  36  3:19  Drone  
  37  3:22  Drone  
  39  3:27  Drone x2  
  39  3:29  Drone x2  
  42  3:36  Drone  
  42  3:40  Drone  
  44  3:43  Evolution Chamber  
  44  3:44  Extractor  
  44  3:45  Drone  
  43  3:53  Drone x3  
  43  3:54  Baneling x2  
  45  3:58  Overlord  
  45  4:00  Zergling x2  
  46  4:03  Zergling x4  
  46  4:06  Drone, Roach Warren  
  46  4:07  Drone  
  46  4:09  Zerg Missile Weapons Level 1  
  49  4:14  Baneling  
  49  4:16  Baneling  
  49  4:22  Drone x2  
  50  4:25  Hatchery  
  50  4:26  Extractor  
  50  4:28  Overlord  
  48  4:32  Zergling x4  
  48  4:33  Zergling x4  
  52  4:42  Drone x2  
  52  4:44  Drone  
  53  4:47  Drone  
  53  4:50  Overlord  
  53  4:55  Overlord  
  53  4:57  Lair  
  53  5:00  Roach  
  53  5:01  Roach x2  
  53  5:05  Roach x2  
  63  5:08  Roach  
  63  5:11  Roach x2  
  63  5:13  Spine Crawler  
  69  5:15  Roach  
  69  5:19  Roach  
  73  5:22  Spine Crawler  
  73  5:25  Roach x3  
  77  5:30  Roach  
  77  5:32  Roach  
  77  5:44  Roach x4  
  82  5:56  Glial Reconstitution  
  78  6:04  Drone x4, Extractor  
  81  6:07  Hatchery  
  81  6:19  Roach  
  81  6:21  Overlord  
  81  6:22  Overlord  
  83  6:27  Overlord x2  
  83  6:39  Overseer  
  85  6:47  Roach x5  
  93  6:55  Overlord  
  93  7:00  Drone x2  
  93  7:01  Drone, Roach x4  
  100  7:06  Overlord  
  100  7:07  Overlord  
  104  7:17  Extractor  
  104  7:21  Drone x3  
  106  7:23  Overlord  
Show
View Real Time Build Order
Export as new Build Order

Lambo Zerg 

Build Orders: Hatch First 

Get SALT Encoding   

  12  0:02  Drone  
  13  0:12  Overlord  
  13  0:18  Drone  
  14  0:31  Drone x2  
  14  0:34  Drone  
  17  0:51  Hatchery  
  17  0:54  Drone  
  17  0:57  Drone  
  18  1:08  Extractor  
  17  1:12  Spawning Pool  
  17  1:15  Drone  
  17  1:18  Drone  
  18  1:28  Drone  
  19  1:42  Overlord  
  19  1:54  Drone  
  19  2:01  Queen  
  20  2:03  Drone, Queen  
  20  2:04  Zergling x2  
  26  2:10  Metabolic Boost  
  26  2:13  Drone  
  27  2:18  Drone  
  28  2:24  Zergling x2  
  28  2:28  Zergling x2  
  30  2:32  Baneling Nest  
  30  2:33  Zergling x2  
  30  2:35  Spine Crawler  
  30  2:36  Zergling x2  
  30  2:43  Queen  
  32  2:46  Zergling x2  
  34  2:58  Extractor  
  34  2:59  Roach Warren  
  34  3:02  Overlord  
  34  3:03  Overlord  
  32  3:15  Baneling x2  
  32  3:33  Drone  
  33  3:35  Drone  
  33  3:36  Drone  
  34  4:05  Overlord  
  34  4:06  Roach  
  34  4:07  Overlord, Roach x4  
  44  4:16  Hatchery  
  43  4:21  Roach  
  43  4:27  Roach x2  
  43  4:28  Roach x3  
  53  4:35  Roach x2  
  53  4:36  Roach  
  58  4:50  Zergling x10  
  59  4:56  Zergling x2  
  60  5:02  Overlord  
  60  5:15  Overlord  
  60  5:16  Overlord  
  60  5:20  Zergling x10  
  65  5:23  Baneling x10  
  64  5:30  Zergling x6  
  64  5:33  Zergling x4  
  65  5:37  Zergling x2  
  62  5:43  Zergling x2  
  58  5:50  Drone x4  
  58  5:53  Drone  
  63  5:59  Evolution Chamber  
  62  6:17  Roach x5  
  72  6:21  Roach  
  72  6:25  Ravager x3  
  77  6:35  Ravager  
  77  6:36  Zergling x2  
  77  6:37  Zergling x8  
  83  6:40  Overlord  
  82  6:47  Zergling x2  
  78  6:58  Zergling x12  
  83  7:05  Zergling x8  
  87  7:09  Zergling x2  
  87  7:13  Ravager x2  
  87  7:14  Zergling x2  
  91  7:19  Zergling x2  
Tags
 
Add a new tag
Caveats
  • Supply blocks, unpowered buildings, or Contaminate may cause inaccurate times.
  • Supply counts are checked every 10 seconds.